 Dungeon Crawl Stone Soup version 0.29-a0-297-g7659ce593d (webtiles) character file.

Game seed: 9670912773691938087

91 Dabor the Ruffian (level 4, -2/23 HPs)
             Began as a Vine Stalker Transmuter on Mar 21, 2022.
             Slain by a polar bear (4 damage)
             ... created by the rage of Trog
             ... on level 3 of the Dungeon.
             The game lasted 00:02:24 (1972 turns).

Dabor the Ruffian (Vine Stalker Transmuter)         Turns: 1972, Time: 00:02:24

Health: -2/23      AC:  4    Str: 15    XL:     4   Next: 59%
Magic:  0/8        EV: 16    Int: 13    God:
Gold:   77         SH:  0    Dex: 14    Spells: 2/8 levels left

rFire   + . .      SeeInvis .     - Unarmed
rCold   . . .      Faith    .   (no shield)
rNeg    . . .      Spirit   +   i - +1 robe {Will+}
rPois   .          Reflect  .   (no helmet)
rElec   .          Harm     .   (no cloak)
rCorr   .          Rampage  .   (no gloves)
Will    +....                   k - +0 pair of boots
Stlth   +.........              (no amulet)
HPRegen 0.87/turn               d - +4 ring of evasion
MPRegen 0.11/turn               g - ring of protection from fire

@: no status effects
A: fangs 2, regeneration 1, magic shield, antimagic bite, no potion heal 2
a: no special abilities


You were on level 3 of the Dungeon.
You visited 1 branch of the dungeon, and saw 3 of its levels.

You collected 77 gold pieces.

Inventory:

Armour
 i - a +1 robe of willpower (worn)
 k - a +0 pair of boots (worn)
Jewellery
 d - a +4 ring of evasion (left hand)
 g - a ring of protection from fire (right hand)
Scrolls
 f - 5 scrolls of identify {unknown}
Potions
 a - 2 potions of berserk rage {unknown}
 b - 2 potions of lignification
 c - 2 potions of cancellation {unknown}
 e - a potion of brilliance {unknown}
 j - a potion of attraction {unknown}
 l - a potion of mutation {unknown}
 m - a potion of might {unknown}


   Skills:
 + Level 2.0 Fighting
 + Level 2.3 Dodging
 + Level 3.6 Unarmed Combat
 - Level 2.5 Spellcasting
 - Level 2.3 Transmutations
 - Level 0.2 Poison Magic


You had 2 spell levels left.
You knew the following spells:

 Your Spells              Type           Power      Damage    Failure   Level
a - Beastly Appendage     Tmut           14%        N/A       10%         1
b - Wereblood             Tmut           7%         N/A       14%         2
c - Spider Form           Tmut/Pois      4%         N/A       41%         3

Your spell library contained the following spells:

 Spells                   Type           Power      Damage    Failure   Level
 Poisonous Vapours        Pois/Air       2%         N/A       34%         2
 Corpse Rot               Necr/Air       2%         N/A       36%         2
 Ice Form                 Ice/Tmut       4%         N/A       83%         4


Dungeon Overview and Level Annotations

Branches:
Dungeon (3/15)

Altars:
Trog


Innate Abilities, Weirdness & Mutations

You have extremely sharp teeth.
Your natural rate of healing is unusually fast.
When hurt, damage is shared between your health and your magic reserves.
Your bite disrupts and absorbs the magic of your enemies.
Potions cannot restore your health.


Message History

The adder is almost dead.
You feel sick. The adder completely misses you.
You miss the adder. You claw the adder.
You feel a bit better.
You kill the adder!
You feel sick.
No target in view!
No target in view!
You pick up a book of Vapours and begin reading...
You add the spells Poisonous Vapours and Corpse Rot to your library.
You feel sick.
You feel sick.
You feel sick.
Found 10 gold pieces.
Your primal bloodlust has ended.
You feel sick.
You are no longer poisoned.
Trog sends monsters to punish you. 5 polar bears come into view.
The polar bear attacks as you move away!
The polar bear misses you. The polar bear closely misses you. x2
The polar bear attacks as you move away!
The polar bear bites you. The polar bear claws you. x2
The polar bear attacks as you move away!
The polar bear bites you! The polar bear claws you.
* * * LOW HITPOINT WARNING * * *
The polar bear misses you. The polar bear barely misses you.
The polar bear completely misses you. The polar bear barely misses you.
Okay, then.
As you read the scroll labelled MEFUV MEL CIL, it crumbles to dust.
The creatures around you are filled with an inner flame!
It was a scroll of immolation.
Your horns disappear.
Your talons disappear.
Your +0 pair of boots unmelds from your body.
The polar bear bites you!
* * * LOW HITPOINT WARNING * * *
The polar bear misses you. The polar bear closely misses you.
Okay, then.
The polar bear attacks as you move away!
The polar bear bites you.
You die...

. ..# .... #.# ......
#.## ....... #...##
##.......# #.#.)#
#.........#
#.##.###..........
#.##.h......<....#
#@.#hh...........#
##h#.#...........#
#..h.#..........##
.......h.#.........##.
..$...........).)...).
......?................
#...................##.
#.........##...#.#.###.
#.##..######...#.......


You could see 3 polar bears.

Vanquished Creatures
  Terence (D:3)
  2 adders (D:3)
  A dart slug (D:1)
  2 orcs (D:3)
  7 bats
  4 endoplasms
  2 giant cockroaches
  A goblin (D:3)
  3 hobgoblins
  4 jackals (D:2)
  2 quokkas
  4 ball pythons
  A frilled lizard (D:2)
  4 kobolds
  3 rats (D:1)
41 creatures vanquished.

Notes
Turn   | Place    | Note
-------+----------+-------------------------------------------
     0 | D:1      | Dabor the Vine Stalker Transmuter began the quest for the
                  | Orb.
     0 | D:1      | Reached XP level 1. HP: 9/9 MP: 4/4
    36 | D:1      | Reached skill level 1 in Fighting
   303 | D:1      | Reached XP level 2. HP: 12/14 MP: 6/6
  1269 | D:2      | Reached XP level 3. HP: 14/18 MP: 4/7
  1275 | D:2      | Learned a level 2 spell: Wereblood
  1303 | D:2      | Learned a level 3 spell: Spider Form
  1337 | D:2      | Found a faded altar of an unknown god.
  1373 | D:2      | Prayed at the altar of an unknown god.
  1373 | D:2      | Became a worshipper of Trog the Wrathful
  1373 | D:2      | Reached * piety under Trog
  1374 | D:2      | Fell from the grace of Trog
  1870 | D:3      | Noticed Terence
  1884 | D:3      | Killed Terence
  1885 | D:3      | Gained mutation: Your natural rate of healing is unusually
                  | fast. [Vine Stalker growth]
  1885 | D:3      | Reached XP level 4. HP: 16/23 MP: 8/8
  1968 | D:3      | Noticed a polar bear
  1968 | D:3      | Noticed a polar bear
  1968 | D:3      | Noticed a polar bear
  1968 | D:3      | Noticed a polar bear
  1968 | D:3      | Noticed a polar bear
  1972 | D:3      | Slain by a polar bear

Illustrated notes

Levels and vault maps discovered:
D:1:      wander_arrival_lonely_grave, layout_loops_cross
D:2:      layout_loops_ring, hellmonk_ecumenical_altar_run_dry
D:3:      layout_rooms, uniq_terence

Skill      XL: |  1  2  3  4 |
---------------+-------------+-----
Fighting       | 1 2 |  2.0
Dodging        | 2 |  2.3
Unarmed Combat | |  3.6
Spellcasting   | |  2.5
Transmutations | |  2.3
Poison Magic   | |  0.2

Action                   |  1- 3 |  4- 6 || total
-------------------------+-------+-------++-------
Melee: Unarmed           |    92 |    23 ||   115
       Bite              |    20 |     6 ||    26
       Punch             |     3 |       ||     3
       Kick              |    14 |     9 ||    23
       Headbutt          |     5 |     3 ||     8
 Cast: Beastly Appendage |     9 |     2 ||    11
       Wereblood         |     4 |     1 ||     5
Invok: Renounce Religion |     1 |       ||     1
  Use: Scroll            |       |     1 ||     1
 Stab: Sleeping          |     3 |       ||     3
Armor: Robe              |    19 |     2 ||    21
Dodge: Dodged            |    72 |    25 ||    97

Table legend: (Time is in decaauts)
 A = Elapsed time spent in this place.
 B = Non-inter-level travel time spent in this place.
 C = Inter-level travel time spent in this place.
 D = Time resting spent in this place.
 E = Time spent auto-exploring this place.
 F = Levels seen in this place.
 G = Mean time per level.
                   A        B        C        D        E       F      G
               +--------+--------+--------+--------+--------+-----+--------+
         Total |   1964 |   1910 |     54 |    288 |   1266 |   3 |  654.7 |
       Dungeon |   1964 |   1910 |     54 |    288 |   1266 |   3 |  654.7 |
               +--------+--------+--------+--------+--------+-----+--------+

Top non-repeatable levels by time:
     D:1: 1190 daAuts
     D:2: 594 daAuts
     D:3: 178 daAuts
